 Dungeon Crawl Stone Soup version 0.31.0-1-g2c135a008e (webtiles) character file.

Game seed: 17474890971813783688

201 qw the Shooter (level 6, -3/46 HPs)
             Began as a Djinni Hunter on Jan 24, 2024.
             Slain by an orc priest
             ... wielding a +0 trident
              (6 damage)
             ... on level 3 of the Dungeon.
             The game lasted 00:00:07 (1694 turns).

qw the Shooter (Djinni Hunter)                      Turns: 1694, Time: 00:00:08

Health: -3/46      AC:  5    Str: 10    XL:     6   Next: 7%
Gold:   122        EV: 11    Int: 10    God:
                   SH:  0    Dex: 19

rFire   + . .        a - +0 shortbow
rCold   . . .        (shield currently unavailable)
rNeg    . . .        h - +0 ring mail
rPois   inf          (no helmet)
rElec   .            (no cloak)
rCorr   .            (no gloves)
SInv    .            (boots unavailable)
Will    .....        (no amulet)
Stlth   +            b - ring of ice
HPRegen 0.27/turn    (no ring)
MPRegen 0.00/turn

%: infuse magic (-4 HP)
@: flying
A: sickness immunity, fire resistance 2, cold vulnerability 1, float, innate
caster, HP casting, extra vitality 1
a: no special abilities


You were on level 3 of the Dungeon.
You visited 1 branch of the dungeon, and saw 3 of its levels.

You collected 122 gold pieces.


Innate Abilities, Weirdness & Mutations

You are immune to sickness and miasma.
You are immune to poison.
Your flesh is very heat resistant. (rF++)
You are vulnerable to cold. (rC-)
You float through the air rather than walking.
You learn spells naturally, not from books.
Your magical power is your life essence.
You have superior vitality. (+4 MHP)


   Skills:
 - Level 3.0 Fighting
 + Level 4.7 Ranged Weapons
 - Level 1.6 Armour
 - Level 3.1 Dodging
 - Level 0.7 Stealth


You knew the following spells:

 Your Spells              Type           Power      Damage    Failure   Level
a - Kiss of Death         Conj/Necr      0%         2d5       67%         1
b - Static Discharge      Conj/Air       0%         3-3/arc   82%         2
Your spell library was empty.

Inventory:

Hand Weapons
 a - a +0 shortbow (weapon)
Armour
 h - a +0 ring mail (worn)
Jewellery
 b - a ring of ice (left hand)
Scrolls
 c - a scroll of immolation {unknown}
 d - a scroll of identify
 e - a scroll of fog {unknown}

Dungeon Overview and Level Annotations

Branches:
Dungeon (3/15)

Altars:
Dithmenos
Gozag


Message History

The orc hits you from afar with a +0 spear.
The orc wizard hits you but does no damage.
The orc priest closely misses you.
You feel less confused. The orc misses you.
The orc wizard gestures at you while chanting.
You resist with some effort.
The orc priest hits you but does no damage.
You shoot an arrow. The arrow hits the orc wizard.
The orc wizard is heavily wounded.
The orc closely misses you. The orc wizard barely misses you.
The orc priest barely misses you.
You shoot an arrow. The arrow hits the orc wizard.
The orc wizard is severely wounded.
The orc closely misses you. The orc wizard hits you with a +0 club.
The orc priest hits you from afar with a +0 trident.
You shoot an arrow. The arrow barely misses the orc wizard.
The arrow hits the orc!
You kill the orc!
The orc wizard closely misses you. The orc priest closely misses you. x2
The orc wizard hits you but does no damage.
You shoot an arrow. The arrow barely misses the orc wizard.
The orc wizard completely misses you. The orc priest closely misses you.
You shoot an arrow. The arrow hits the orc wizard!
You kill the orc wizard!
The orc priest completely misses you.
You have reached level 6!
You shoot an arrow. The arrow hits the orc priest.
The orc priest is severely wounded.
The orc priest barely misses you.
You shoot an arrow.
The arrow hits the orc priest but does no damage.
The orc priest is severely wounded.
The orc priest barely misses you.
The orc priest hits you from afar with a +0 trident.
You shoot an arrow.
The arrow hits the orc priest but does no damage.
The orc priest is severely wounded.
The orc priest hits you from afar with a +0 trident.
You die...

..# # #.# ##. #.##.# .....##.#
#..... #.......# [....#
#..#.##$# ....# #....o))#
#...## #.#.##@# #########
#....#.##.#.##.# #~~~~~~~#
#....#....%.)..# #~#####~#
#.#..######.#### #~#~~~#~#
##....# #.# #~#~_~#~#
##..)..## #.# #~#~.~#~#
#.##%.#.#####.# #~##.##~#
#....###......# ##~~~.~~~##
......#.############.........#


You could see an orc priest.

Vanquished Creatures
  A bombardier beetle (D:3)
  An orc priest (D:2)
  An orc wizard (D:3)
  4 adders
  2 ribbon worms
  A dart slug (D:1)
  4 orcs
  5 ball pythons
  6 bats
  6 endoplasms
  5 giant cockroaches
  6 goblins
  3 hobgoblins
  2 jackals (D:1)
  5 quokkas
  3 frilled lizards
  4 kobolds
  8 rats
67 creatures vanquished.

Notes
Turn   | Place    | Note
-------+----------+-------------------------------------------
     0 | D:1      | qw the Djinni Hunter began the quest for the Orb.
     0 | D:1      | Reached XP level 1. HP: 18/18 MP: 0/0
     0 | D:1      | 0 ||| qw: Version: 0.3-a-136-gdd3b4e8
     0 | D:1      | 0 ||| qw: Game counter: 1323
     0 | D:1      | 0 ||| qw: Melee chars always use a shield: true
     0 | D:1      | 0 ||| qw: God list: Okawaru
     0 | D:1      | 0 ||| qw: Allow faded altars: false
     0 | D:1      | 0 ||| qw: Do Orc after clearing Dungeon:15 true
     0 | D:1      | 0 ||| qw: Do second Lair branch before Depths: true
     0 | D:1      | 0 ||| qw: Lair rune preference: random
     0 | D:1      | 0 ||| qw: Goals: Normal
     0 | D:1      | 0 ||| PLANNING D:1-11
    69 | D:1      | Reached XP level 2. HP: 23/23 MP: 0/0
   192 | D:1      | Reached XP level 3. HP: 26/28 MP: 0/0
   192 | D:1      | Learned a level 1 spell: Kiss of Death
   211 | D:1      | Reached skill level 4 in Ranged Weapons
   402 | D:1      | Found a faded altar of an unknown god.
   626 | D:1      | 626 ||| READING scroll labelled WALOEMIHENIN.
   626 | D:1      | 626 ||| IDENTIFYING cyan potion
   627 | D:1      | 627 ||| DROPPING scroll of butterflies.
   628 | D:1      | 628 ||| DROPPING potion of degeneration.
   680 | D:2      | HP: 7/29 [adder (4)]
   684 | D:2      | HP: 2/29 [kobold/+0 short sword (3)]
   746 | D:2      | 746 ||| FLEEEEING.
   830 | D:2      | Reached XP level 4. HP: 34/34 MP: 0/0
   837 | D:2      | Reached skill level 3 in Fighting
   876 | D:2      | Reached skill level 3 in Dodging
  1035 | D:2      | Reached XP level 5. HP: 40/40 MP: 0/0
  1035 | D:2      | Learned a level 2 spell: Static Discharge
  1188 | D:2      | 1188 ||| UPGRADING to +0 ring mail.
  1198 | D:2      | 1198 ||| DROPPING +0 leather armour.
  1199 | D:2      | 1199 ||| UPGRADING to ring of ice.
  1200 | D:2      | 1200 ||| READING 3 scrolls of identify.
  1200 | D:2      | 1200 ||| IDENTIFYING fuming grey potion
  1201 | D:2      | 1201 ||| READING 2 scrolls of identify.
  1201 | D:2      | 1201 ||| IDENTIFYING coppery potion
  1202 | D:2      | 1202 ||| READING scroll of identify.
  1202 | D:2      | 1202 ||| IDENTIFYING pink potion
  1203 | D:2      | 1203 ||| READING scroll labelled EDEIKU JYPLEIX.
  1203 | D:2      | 1203 ||| ENCHANTING +0 shortbow.
  1204 | D:2      | 1204 ||| DROPPING potion of ambrosia.
  1205 | D:2      | 1205 ||| DROPPING potion of brilliance.
  1261 | D:3      | Found an opulent altar of Gozag.
  1262 | D:3      | Found a shadowy altar of Dithmenos.
  1538 | D:3      | Reached skill level 1 in Armour
  1539 | D:3      | HP: 9/40 [burnt (3)]
  1540 | D:3      | 1540 ||| DRINKING potion of heal wounds.
  1688 | D:3      | HP: 5/40 [orc priest/+0 trident (6)]
  1692 | D:3      | Reached XP level 6. HP: 7/46 MP: 0/0
  1693 | D:3      | HP: 2/46 [orc priest/+0 trident (5)]
  1694 | D:3      | Slain by an orc priest

Levels and vault maps discovered:
D:1:      nzn_arrival_water_spiral, layout_loops_cross,
          ebering_ecumenical_altar_hall
D:2:      layout_rooms, minmay_misc_feat_enclosed
D:3:      layout_loops_cross, nicolae_overflow_two_pavilions,
          gammafunk_ghost_nasty_kobolds, hellmonk_no_cap

Skill      XL: |  1  2  3  4  5 |
---------------+----------------+-----
Ranged Weapons | 4 |  4.7
Fighting       | 3 |  3.0
Dodging        | 3 |  3.1
Armour         | 1 |  1.6
Stealth        | |  0.7

Action                     |  1- 3 |  4- 6 || total
---------------------------+-------+-------++-------
   Fire: Shortbow          |   105 |   117 ||   222
    Use: Scroll            |     1 |     4 ||     5
         Potion            |       |     1 ||     1
 Armour: Leather armour    |    33 |     6 ||    39
         Ring mail         |       |    33 ||    33
  Dodge: Dodged            |    38 |    48 ||    86

Table legend:
 A = Non-vault XP
 B = Vault XP
 C = Vault XP percentage of total XP
 D = Non-vault monster count
 E = Vault monster count
 F = Vault count percentage of total count
                 A         B        C        D         E       F
            +---------+---------+-------+---------+---------+-------
      Total |     288 |       0 |   0.0 |      67 |       0 |   0.0
            +---------+---------+-------+---------+---------+-------
        D:1 |      47 |       0 |   0.0 |      29 |       0 |   0.0
        D:2 |     121 |       0 |   0.0 |      25 |       0 |   0.0
        D:3 |     120 |       0 |   0.0 |      13 |       0 |   0.0
            +---------+---------+-------+---------+---------+-------
